 Dungeon Crawl Stone Soup version 0.25-a0-263-g9d16a9d099 (webtiles) character file.

Game seed: 11851466238327236827, levelgen mode: deterministic

527 Redear the Ducker (level 7, -3/49 HPs)
             Began as an Octopode Fighter on Dec 7, 2019.
             Slain by a necrophage (8 damage)
             ... on level 5 of the Dungeon.
             The game lasted 00:07:00 (3920 turns).

Redear the Ducker (Octopode Fighter)                Turns: 3920, Time: 00:07:01

Health: -3/49      AC:  1    Str: 12 (15) XL:     7   Next: 23%
Magic:  7/7        EV: 13    Int:  9 (10) God:
Gold:   248        SH:  9    Dex: 15 (16) Spells: 6/6 levels left

rFire    . . .     SeeInvis .   C - +1 dagger (venom)
rCold    . . .     Gourm    .   b - +0 shield
rNeg     . . .     Faith    .   (helmet restricted)
rPois    .         Spirit   .   (no amulet)
rElec    .         Reflect  .   (no ring)
rCorr    .         Harm     .   (no ring)
MR       .....     Rnd*Tele +   (no ring)
Stlth    ++++......             (no ring)
HPRegen  0.16/turn              (no ring)
MPRegen  0.10/turn              (no ring)
                                (no ring)
                                (no ring)

@: no status effects
A: almost no armour, stealthy swim, amphibious, 8 rings, constrict 8, camouflage
1, agile 1, teleportitis 1, gelatinous body 1
a: no special abilities


You were on level 5 of the Dungeon.
You were hungry.

You visited 1 branch of the dungeon, and saw 5 of its levels.

You collected 248 gold pieces.

Inventory:

Hand Weapons
 a - a +0 long sword
 v - a +0 giant club
 y - a +0 vampiric falchion {!w}
 C - a +1 dagger of venom (weapon)
Armour
 b - a +0 shield (worn)
 r - a +0 robe
Jewellery
 j - a cursed ring of teleportation {unknown}
Wands
 P - a wand of paralysis (4)
Scrolls
 d - 4 scrolls of identify {unknown}
 e - 6 scrolls of remove curse {unknown}
 g - a scroll of fog {unknown}
 i - 2 scrolls of immolation {unknown}
 l - 2 scrolls of enchant armour {unknown}
 o - a scroll of blinking {unknown}
 s - a scroll of teleportation {unknown}
 t - a scroll of enchant weapon {unknown}
 u - a scroll of random uselessness {unknown}
 w - a scroll of magic mapping {unknown}
 x - a scroll of fear {unknown}
Potions
 c - a potion of might {Str+5 DMG+1d10 | @q3}
 h - a potion of magic
 q - a potion of brilliance {unknown}
 B - a potion of agility {unknown}
 Q - 2 potions of curing
Comestibles
 z - 10 rations


   Skills:
 + Level 4.4 Fighting
 + Level 3.8 Long Blades
 + Level 4.4 Dodging
 + Level 4.4 Stealth
 + Level 4.4 Shields


You had 6 spell levels left.
You didn't know any spells.
Your spell library was empty.

Dungeon Overview and Level Annotations

Branches:
Dungeon (5/15)
 Temple: D:4-7

Altars:
Dithmenos


Innate Abilities, Weirdness & Mutations

You cannot wear most types of armour.
You are very stealthy in the water. (Stealth+)
You are amphibious.
You can wear up to eight rings at the same time.
You can use your tentacles to constrict eight enemies at once.
Your skin changes colour to match your surroundings (Stealth+).
Your rubbery body absorbs attacks. (AC +1, EV +1)
You are agile. (Dex +2)
You are occasionally teleported next to monsters.


Message History

Okay, then.
Okay, then.
Okay, then.
Okay, then.
Okay, then.
Okay, then.
Okay, then.
It was a potion of flight.
You feel very buoyant.
You fly up into the air.
The phantom barely misses you. The necrophage hits you!
* * * LOW HITPOINT WARNING * * *
You take 7 damage, and have 5/49 hp.
Unknown command.
It was a potion of cancellation.
Your magical effects are unravelling.
You feel magically purged.
You float gracefully downwards.
You are feeling hungry.
You block the phantom's attack. The necrophage hits you!
You die...

### ### #@#######.#
#Wn.......# #.....###.#
#.###.###.# #.# #.....#
############ #.#########
...........#####.........#
...........'...>.......#.#
..........W###########.#.#


You could see a phantom and a necrophage.

Vanquished Creatures
  3 ogres
  A centaur skeleton (D:4)
  An orc priest (D:4)
  Jessica (D:2)
  A worker ant (D:4)
  7 adders
  An ooze (D:1)
  A worm (D:2)
  A dart slug (D:3)
  4 leopard geckos
  8 orcs
  2 bats
  6 giant cockroaches
  12 goblins
  12 hobgoblins
  5 jackals
  5 kobolds
  A ball python (D:2)
  10 frilled lizards
  10 rats
92 creatures vanquished.

Notes
Turn   | Place    | Note
-------+----------+-------------------------------------------
     0 | D:1      | Redear the Octopode Fighter began the quest for the Orb.
     0 | D:1      | Reached XP level 1. HP: 16/16 MP: 1/1
    83 | D:1      | Reached XP level 2. HP: 19/21 MP: 2/2
    87 | D:1      | Reached skill level 1 in Stealth
   285 | D:1      | Reached XP level 3. HP: 11/26 MP: 3/3
   858 | D:2      | You fall into a shaft and drop 2 floors!
   860 | D:4      | Noticed an ogre
   892 | D:4      | Found a shadowy altar of Dithmenos.
  1162 | D:3      | Reached skill level 2 in Stealth
  1172 | D:3      | Reached XP level 4. HP: 16/31 MP: 4/4
  2279 | D:2      | Reached XP level 5. HP: 26/36 MP: 5/5
  2536 | D:2      | Noticed Jessica
  2542 | D:2      | Killed Jessica
  2716 | D:2      | Reached skill level 3 in Long Blades
  2810 | D:2      | Reached skill level 3 in Stealth
  3227 | D:4      | Killed an ogre
  3227 | D:4      | Reached skill level 4 in Fighting
  3227 | D:4      | Reached skill level 4 in Dodging
  3227 | D:4      | Reached skill level 4 in Shields
  3227 | D:4      | Reached XP level 6. HP: 26/43 MP: 6/6
  3710 | D:4      | Reached skill level 4 in Stealth
  3710 | D:4      | Reached XP level 7. HP: 48/48 MP: 7/7
  3793 | D:5      | Entered Level 5 of the Dungeon
  3915 | D:5      | Gained mutation: You are occasionally teleported next to
                  | monsters. [potion of mutation]
  3915 | D:5      | Gained mutation: You are agile. (Dex +2) [potion of
                  | mutation]
  3920 | D:5      | Slain by a necrophage

Levels and vault maps discovered:
D:1:      matt_arrival_grand_opening, layout_basic, hangedman_decor_growths,
          amethyst_killhole, st_stairs_4
D:2:      layout_basic, uniq_jessica
D:3:      layout_basic
D:4:      layout_basic, grunt_dithmenos_smoke_and_mirrors
D:5:      layout_basic, gammafunk_ghost_necromancy, first_ration

Skill      XL: |  1  2  3  4  5  6 |
---------------+-------------------+-----
Stealth        | 1 2 3 4 |  4.4
Long Blades    | 3 |  3.8
Fighting       | 4 |  4.4
Dodging        | 4 |  4.4
Shields        | 4 |  4.4

Action                   |  1- 3 |  4- 6 |  7- 9 || total
-------------------------+-------+-------+-------++-------
Melee: Long sword        |    60 |    77 |       ||   137
       Tentacles         |    13 |    16 |     1 ||    30
       Constrict         |    16 |    24 |     1 ||    41
       Falchion          |       |     5 |       ||     5
       Dagger            |       |       |     6 ||     6
Evoke: Wand              |       |     1 |       ||     1
  Use: Potion            |       |       |     7 ||     7
 Stab: Sleeping          |    12 |    23 |     1 ||    36
       Paralysed         |       |     2 |       ||     2
  Eat: Chunk             |       |     9 |       ||     9
Armor: Skin              |     7 |     5 |       ||    12
Dodge: Dodged            |    21 |    27 |     5 ||    53
Block: Shield            |    20 |    23 |     6 ||    49
       Rpst.: Long sword |     8 |     7 |       ||    15
       Falchion          |       |     2 |       ||     2

Table legend:
 A = Non-vault XP
 B = Vault XP
 C = Vault XP percentage of total XP
 D = Non-vault monster count
 E = Vault monster count
 F = Vault count percentage of total count
                 A         B        C        D         E       F
            +---------+---------+-------+---------+---------+-------
      Total |     712 |      41 |   5.4 |      88 |       4 |   4.3
            +---------+---------+-------+---------+---------+-------
        D:1 |      40 |       4 |   9.1 |      22 |       3 |  12.0
        D:2 |      68 |      37 |  35.2 |      24 |       1 |   4.0
        D:3 |     112 |       0 |   0.0 |      29 |       0 |   0.0
        D:4 |     369 |       0 |   0.0 |      11 |       0 |   0.0
        D:5 |     123 |       0 |   0.0 |       2 |       0 |   0.0
            +---------+---------+-------+---------+---------+-------
